AoeStats
← Tomminger

Oasis

508515982Analyzed
4v4 RM · 10d ago on Sep 22, 2026· 28m 34s· 8 players
Game mode
Random Map
Map size
Large (8 player)
Population
200
Speed
Normal
Resources
Standard
Victory
Conquest
Starting age
Dark Age
Ending age
Imperial Age
RankedLock teamsTeams togetherTeam positionsShared explorationLock speedFull tech treeHidden civsTurbo modeCheats
Victory
Defeat
🇺🇸 Magyars · United States
1153
+15
🇺🇸 Armenians · United States
1134
+15
🇨🇳 Danes · China
1125
+16
🇨🇳 Italians · China
1074
+18
🇩🇪 Tatars · Germany
1150
-17
🇩🇪 Teutons · Germany
1119
-16
🇨🇭 Persians · Switzerland
1113
-16
🇪🇸 Spanish · Spain
1098
-15
EL CID
4:51 Loom
12:11 Feudal Age
16:30 Castle Age
15:55 Forging
sirsilub
7:28 Loom
10:16 Feudal Age
15:04 Castle Age
13:02 Double-Bit Axe
13:00 Horse Collar
16:30 Bow Saw
23:57 Wheelbarrow
23:19 Town Watch
24:44 Stone Mining
26:24 Hand Cart
26:14 Heavy Plow
25:41 Pikeman
R4bbit
7:55 Loom
11:06 Feudal Age
11:48 Double-Bit Axe
16:27 Castle Age
20:11 Fletching
21:40 Gold Mining
24:25 Bodkin Arrow
25:47 Wheelbarrow
25:40 Bow Saw
28:37 Padded Archer Armor
Tomminger
8:32 Loom
10:22 Feudal Age
15:24 Castle Age
13:17 Double-Bit Axe
13:14 Horse Collar
16:57 Bow Saw
16:49 Heavy Plow
24:13 Gold Mining
24:17 Stone Mining
25:22 Forging
25:18 Scale Barding Armor
26:55 Bloodlines
28:14 Iron Casting
28:03 Chain Barding Armor
30:50 Imperial Age
Trampstamp4ever
10:24 Feudal Age
10:29 Feudal Age
14:37 Castle Age
13:06 Double-Bit Axe
13:03 Horse Collar
18:45 Bloodlines
22:42 Loom
26:15 Scale Barding Armor
28:07 Husbandry
29:04 Wheelbarrow
butterflyfriends
11:15 Feudal Age
11:50 Man-at-Arms
13:41 Long Swordsman
18:08 Horse Collar
18:15 Double-Bit Axe
20:55 Forging
23:11 Castle Age
22:02 Gold Mining
21:46 Pikeman
22:52 Fletching
23:21 Crossbowman
24:02 Bodkin Arrow
24:16 Padded Archer Armor
26:29 Heavy Plow
小尚
10:18 Feudal Age
12:16 Double-Bit Axe
15:01 Castle Age
14:47 Wheelbarrow
13:56 Horse Collar
16:14 Bow Saw
16:01 Stone Mining
18:38 Loom
19:26 Hand Cart
23:27 Gold Mining
28:26 Imperial Age
26:39 Fletching
26:50 Padded Archer Armor
28:04 Ballistics
27:42 Bodkin Arrow
COIL
2:29 Loom
11:51 Feudal Age
15:28 Wheelbarrow
19:00 Castle Age
17:57 Double-Bit Axe
17:59 Horse Collar
26:54 Squires
Connection lost

Rejoining the realm…

Still unreachable

The connection could not be restored.

Session expired

The server has moved on; the page needs a fresh start.